 Dungeon Crawl Stone Soup version 0.24.0-13-gcf9b3192b9 (webtiles) character file.

Game seed: 17206264461866942385, levelgen mode: deterministic

67 OleJ the Ducker (level 3, -7/17 HPs)
             Began as a Felid Abyssal Knight on Nov 10, 2019.
             Was a Believer of Lugonu.
             Mangled by a river rat (10 damage)
             ... on level 3 of the Dungeon.
             The game lasted 00:07:38 (3226 turns).

OleJ the Ducker (Felid Abyssal Knight)              Turns: 3226, Time: 00:07:39

Health: -7/17      AC:  1    Str:  9    XL:     3   Next: 98%
Magic:  5/5        EV: 19    Int: 13    God:    Lugonu [**....]
Gold:   205        SH:  0    Dex: 15    Spells: 2/2 levels left
                                        Lives:  0   Deaths: 1

rFire    . . .     SeeInvis +     - Unarmed
rCold    . . .     Gourm    .   (shield unavailable)
rNeg     . . .     Faith    .   (armour unavailable)
rPois    .         Spirit   .   (helmet unavailable)
rElec    .         Reflect  .   (cloak unavailable)
rCorr    .         Harm     .   (gloves unavailable)
MR       +....                  (boots unavailable)
Stlth    +++.......             (no amulet)
HPRegen  0.05/turn              f - ring of protection from magic
MPRegen  0.09/turn              (no ring)

@: quick
A: very small, no armour, no weapons or thrown items, stealth, claws 1, fangs 3,
see invisible, carnivore, speed 1, shaggy fur 1, slow metabolism 1, sharp paws
a: Depart the Abyss, Bend Space, Renounce Religion


You were on level 3 of the Dungeon.
You worshipped Lugonu.
Lugonu was pleased with you.
You were not hungry.

You visited 1 branch of the dungeon, and saw 4 of its levels.
You visited the Abyss 1 time.
You also visited: Sewer.

You collected 205 gold pieces.

Inventory:

Jewellery
 f - a ring of protection from magic (left paw)
Scrolls
 c - a scroll of remove curse {unknown}
 d - a scroll of blinking
Potions
 i - a potion of heal wounds
Comestibles
 a - 12 rations


   Skills:
 + Level 3.4 Fighting
 + Level 4.0 Dodging
 + Level 3.1 Stealth
 + Level 3.5 Unarmed Combat
 + Level 2.0 Invocations


You had 2 spell levels left.
You didn't know any spells.
Your spell library was empty.

Dungeon Overview and Level Annotations

Branches:
Dungeon (4/15)              Sewer (visited)
 Temple: D:4-7

Altars:

Portals:
Abyss: D:1***


Innate Abilities, Weirdness & Mutations

You cannot wear armour.
You are incapable of wielding weapons or throwing items.
Your paws allow you to move quietly. (Stealth)
You have sharp claws.
You have razor-sharp teeth.
You have supernaturally acute eyesight. (SInv)
You are carnivorous and can eat meat at any time.
You cover ground quickly.
You are covered in fur. (AC +1)
You have a slow metabolism.
Your sharp claws are effective at attacking unaware monsters.


Message History

You closely miss the river rat.
You claw the river rat, but do no damage.
The river rat closely misses you. x2
You scratch the river rat but do no damage.
The river rat barely misses you. x2
You scratch the river rat but do no damage.
Your claw misses the river rat. You bite the river rat.
The river rat is lightly wounded.
The river rat misses you. The river rat completely misses you.
You scratch the river rat. You bite the river rat.
The river rat is heavily wounded.
The river rat completely misses you.
You closely miss the river rat.
The river rat is heavily wounded.
The river rat misses you. The river rat barely misses you.
You scratch the river rat.
The river rat is almost dead.
The river rat bites you!
Ouch! That really hurt!
You die...

###################
#.@r...............
#r#################
#.# #.# #.# #.# #.#
#.# #.#


You could see 2 river rats.

Vanquished Creatures
  2 adders
  A river rat (Sewer)
  2 oozes
  3 worms
  4 dart slugs
  3 bats
  5 giant cockroaches
  8 goblins
  9 hobgoblins
  8 jackals
  2 quokkas
  3 ball pythons (D:3)
  3 frilled lizards
  7 kobolds
  15 rats
75 creatures vanquished.

Notes
Turn   | Place    | Note
-------+----------+-------------------------------------------
     0 | Abyss:1  | OleJ the Felid Abyssal Knight began the quest for the Orb.
     0 | Abyss:1  | Reached XP level 1. HP: 10/10 MP: 3/3
    36 | Abyss:1  | Noticed a starcursed mass
    43 | D:1      | Escaped the Abyss
   375 | D:1      | Reached * piety under Lugonu
   548 | D:1      | Reached XP level 2. HP: 11/14 MP: 4/4
  1044 | D:1      | Reached XP level 3. HP: 16/17 MP: 5/5
  1664 | D:2      | Reached skill level 1 in Stealth
  2176 | D:2      | Reached XP level 4. HP: 19/21 MP: 6/6
  2456 | D:3      | Reached ** piety under Lugonu
  2742 | D:3      | Reached skill level 4 in Dodging
  2826 | D:3      | You fall into a shaft and drop 1 floor!
  2950 | D:3      | Found a glowing drain.
  2974 | Sewer    | Entered a sewer
  3112 | Sewer    | Slain by a river rat
  3113 | Sewer    | Reached XP level 3. HP: 0/17 MP: 5/5
  3127 | Sewer    | Noticed a big kobold
  3226 | D:3      | Mangled by a river rat

Levels and vault maps discovered:
D:1:      minmay_arrival_glassed_features, layout_basic, st_stairs_5,
          skrybe_limestone_x
D:2:      layout_rooms, minmay_misc_feat_nine_boxes
D:3:      layout_basic, first_ration, portal_sewer_entry_e
D:4:      layout_basic, serial_shops, shop, due_unseen_surprise, uniq_robin

Skill      XL: |  1  2  3  4 |
---------------+-------------+-----
Invocations    | 2 |  2.0
Stealth        | 2 3 |  3.1
Unarmed Combat | 3 |  3.5
Dodging        | 4 |  4.0
Fighting       | |  3.4

Action                   |  1- 3 |  4- 6 || total
-------------------------+-------+-------++-------
Melee: Unarmed           |   169 |    97 ||   266
       Bite              |    16 |    10 ||    26
       Punch             |     3 |     1 ||     4
Invok: Depart the Abyss  |     1 |       ||     1
  Use: Potion            |     3 |     1 ||     4
       Scroll            |     1 |     4 ||     5
 Stab: Sleeping          |     4 |     6 ||    10
  Eat: Chunk             |    11 |     1 ||    12
Armor: Skin              |     6 |     5 ||    11
Dodge: Dodged            |   150 |    85 ||   235
